 Dungeon Crawl Stone Soup version 0.31-a0-161-gb58dd9be76 (webtiles) character file.

Game seed: 6116246364544397251

87 qw the Shooter (level 4, -1/28 HPs)
             Began as a Gargoyle Hunter on June 12, 2023.
             Slain by Natasha (4 damage)
             ... on level 2 of the Dungeon.
             The game lasted 00:00:28 (1049 turns).

qw the Shooter (Gargoyle Hunter)                    Turns: 1049, Time: 00:00:29

Health: -1/28      AC:  9    Str: 15    XL:     4   Next: 51%
Magic:  4/4        EV: 11    Int:  9    God:
Gold:   9          SH:  0    Dex: 15    Spells: 3/3 levels left

rFire   . . .        Y - +0 shortbow
rCold   . . .        (shield currently unavailable)
rNeg    + . .        e - +0 ring mail
rPois   inf          (no helmet)
rElec   +            (no cloak)
rCorr   .            d - +0 pair of gloves
SInv    .            (no boots)
Will    .....        (no amulet)
Stlth   +            (no ring)
HPRegen 0.24/turn    (no ring)
MPRegen 0.09/turn

%: no passive effects
@: no status effects
A: sickness immunity, AC +3, negative energy resistance 1, electricity
resistance, torment resistance 1, petrification resistance
a: no special abilities


You were on level 2 of the Dungeon.
You visited 1 branch of the dungeon, and saw 2 of its levels.

You collected 9 gold pieces.


Innate Abilities, Weirdness & Mutations

You are immune to sickness and miasma.
Your stone body is resilient. (AC +3)
You are immune to poison.
You resist negative energy. (rN+)
You are resistant to electric shocks. (rElec)
You are resistant to unholy torment.
You are immune to petrification.


   Skills:
 - Level 3.0 Fighting
 + Level 5.2 Ranged Weapons
 - Level 1.2 Armour
 - Level 1.5 Dodging
 - Level 1.1 Stealth


You had 3 spell levels left.
You didn't know any spells.
Your spell library was empty.

Inventory:

Hand Weapons
 Y - a +0 shortbow (weapon)
Armour
 a - a +0 cloak
 d - a +0 pair of gloves (worn)
 e - a +0 ring mail (worn)
Scrolls
 b - a scroll of enchant armour {unknown}
 c - a scroll of teleportation {unknown}

Dungeon Overview and Level Annotations

Branches:
Dungeon (2/15)

Altars:

Annotations:
D:2 Natasha


Message History

You shoot an arrow. The arrow closely misses Natasha.
Natasha claws you but does no damage.
You shoot an arrow. The arrow hits Natasha.
Natasha is moderately wounded.
Natasha claws you!
Natasha mumbles some strange words.
You shoot an arrow. The arrow closely misses Natasha.
Natasha mumbles some strange words.
Natasha's front paws start to glow.
Natasha closely misses you.
The cerulean imp hits you with a +2 spear.
You shoot an arrow. The arrow barely misses Natasha.
Natasha closely misses you. The cerulean imp barely misses you.
You shoot an arrow. The arrow hits Natasha.
Natasha is heavily wounded.
Natasha claws you.
The cerulean imp hits you but does no damage.
You shoot an arrow. The arrow barely misses Natasha.
Natasha barely misses you.
The cerulean imp hits you with a +2 spear.
You shoot an arrow. The arrow misses Natasha.
Natasha claws you.
The cerulean imp hits you with a +2 spear.
Natasha claws you. The cerulean imp closely misses you.
You shoot an arrow. The arrow barely misses Natasha.
Natasha claws you but does no damage.
The cerulean imp hits you with a +2 spear.
You shoot an arrow. The arrow hits Natasha.
Natasha is severely wounded.
Natasha hisses.
Natasha claws you but does no damage.
The cerulean imp hits you but does no damage.
You shoot an arrow. The arrow closely misses Natasha.
Natasha claws you but does no damage. The cerulean imp misses you.
You shoot an arrow. The arrow hits Natasha.
Natasha is almost dead.
Natasha closely misses you.
The cerulean imp hits you with a +2 spear.
Natasha claws you.
You die...

####### #......
##.##### ####..#
######.....##
###...........##
#.....##.......#
#.5..>##.......#
#@....##.......#
%.....h##.#####......##
###.##. ..# #........##
###... #..)........
...........%....#
##.#....#.....##.. ..
##.......###..
.###........ ######..#


You could see Natasha and a cerulean imp (summoned).

Vanquished Creatures
  3 gnolls (D:2)
  An adder (D:2)
  4 dart slugs
  6 ball pythons (D:1)
  6 endoplasms
  2 giant cockroaches
  4 goblins
  6 jackals (D:1)
  2 quokkas
  A bat (D:1)
  4 frilled lizards
  A kobold (D:2)
40 creatures vanquished.

Notes
Turn   | Place    | Note
-------+----------+-------------------------------------------
     0 | D:1      | qw the Gargoyle Hunter began the quest for the Orb.
     0 | D:1      | Reached XP level 1. HP: 12/12 MP: 1/1
     0 | D:1      | 0 ||| qw: Version: 0.2-a-29-gc1b59c4
     0 | D:1      | 0 ||| qw: Game counter: 4251
     0 | D:1      | 0 ||| qw: Always use a shield: true
     0 | D:1      | 0 ||| qw: God list: Okawaru
     0 | D:1      | 0 ||| qw: Allow faded altars: false
     0 | D:1      | 0 ||| qw: Do Orc after D:15 true
     0 | D:1      | 0 ||| qw: Do second Lair branch before Depths: true
     0 | D:1      | 0 ||| qw: Lair rune preference: random
     0 | D:1      | 0 ||| qw: Plans: Normal, Zot:1-4, Slime:5, God:TSO, Crypt,
                  | Tomb, Abyss, Pan, Hells, Win
     0 | D:1      | 0 ||| PLANNING D:1-11
    21 | D:1      | Found a faded altar of an unknown god.
   151 | D:1      | Reached XP level 2. HP: 17/17 MP: 2/2
   286 | D:1      | Reached XP level 3. HP: 21/21 MP: 3/3
   459 | D:1      | Reached skill level 5 in Ranged Weapons
   700 | D:1      | 700 ||| UPGRADING to +0 pair of gloves.
   705 | D:1      | 705 ||| UPGRADING to +0 ring mail.
   715 | D:1      | 715 ||| DROPPING +0 leather armour.
   716 | D:1      | 716 ||| DROPPING ring of wizardry.
   717 | D:1      | 717 ||| READING scroll labelled NUHALUCURPHE.
   718 | D:1      | 718 ||| DROPPING scroll of butterflies.
   873 | D:2      | Reached skill level 1 in Armour
   874 | D:2      | 874 ||| FLEEEEING.
   877 | D:2      | Reached skill level 3 in Fighting
   877 | D:2      | Reached XP level 4. HP: 26/28 MP: 4/4
  1035 | D:2      | Noticed Natasha
  1045 | D:2      | HP: 7/28 [Natasha (2)]
  1046 | D:2      | HP: 3/28 [cerulean imp/+2 spear[Natasha] (4)]
  1049 | D:2      | Slain by Natasha

Levels and vault maps discovered:
D:1:      dpeg_arrival_chambers_temple_mockup, layout_basic,
          ebering_ecumenical_altar_sacrificial, minivault_19
D:2:      layout_rooms, serial_shops, shop, chequers_serial_rivers_small_b,
          uniq_natasha, uniq_terence, uniq_jessica

Skill      XL: |  1  2  3 |
---------------+----------+-----
Ranged Weapons | 5 |  5.2
Armour         | 1 |  1.2
Fighting       | 3 |  3.0
Dodging        | |  1.5
Stealth        | |  1.1

Action                     |  1- 3 |  4- 6 || total
---------------------------+-------+-------++-------
   Fire: Shortbow          |    97 |    31 ||   128
    Use: Scroll            |     1 |       ||     1
 Armour: Leather armour    |    11 |       ||    11
         Ring mail         |     3 |     9 ||    12
  Dodge: Dodged            |    22 |     8 ||    30

Table legend:
 A = Non-vault XP
 B = Vault XP
 C = Vault XP percentage of total XP
 D = Non-vault monster count
 E = Vault monster count
 F = Vault count percentage of total count
                 A         B        C        D         E       F
            +---------+---------+-------+---------+---------+-------
      Total |     125 |       0 |   0.0 |      40 |       0 |   0.0
            +---------+---------+-------+---------+---------+-------
        D:1 |      56 |       0 |   0.0 |      29 |       0 |   0.0
        D:2 |      69 |       0 |   0.0 |      11 |       0 |   0.0
            +---------+---------+-------+---------+---------+-------
